 Dungeon Crawl Stone Soup version 0.20-a0-1078-g4874019 (webtiles) character file.

2121 AAAAA the Summoner (level 8, -6/57 HPs)
             Began as a Demigod Summoner on Apr 30, 2017.
             Mangled by a hellwing (16 damage)
             ... on level 6 of the Dungeon.
             The game lasted 00:18:53 (7974 turns).

AAAAA the Summoner (Demigod Summoner)               Turns: 7974, Time: 00:18:53

Health: -6/57      AC:  8    Str: 11    XL:     8   Next: 81%
Magic:  18/31      EV: 12    Int: 23    God:
Gold:   244        SH:  0    Dex: 16    Spells: 7/21 levels left

rFire    . . .     SeeInvis .   b - +2 dagger (venom)
rCold    . . .     Gourm    .   (no shield)
rNeg     . . .     Faith    .   N - +2 robe {MR+}
rPois    .         Spirit   .   F - +0 helmet
rElec    .         Reflect  .   B - +0 cloak
rCorr    .         Harm     .   r - +0 pair of gloves
MR       +....                  H - +0 pair of boots
Stlth    ++........             (no amulet)
Regen    0.2/turn               L - ring of magical power
MPRegen  0.3/turn               (no ring)

@: no status effects
A: high mp 1
a: no special abilities


You were on level 6 of the Dungeon.
You were very hungry.

You visited 1 branch of the dungeon, and saw 7 of its levels.

You collected 244 gold pieces.

Inventory:

Hand Weapons
 a - a +1 spear of piercing
 b - a +2 dagger of venom (weapon)
 p - a +0 dagger of holy wrath
 E - a +0 spear
Missiles
 e - 279 stones (quivered)
 x - 14 poisoned needles
Armour
 h - a +0 buckler
 i - a +0 ring mail
 r - a +0 pair of gloves (worn)
 s - a +0 robe
 B - a +0 cloak (worn)
 F - a +0 helmet (worn)
 H - a +0 pair of boots (worn)
 I - a +2 leather armour of positive energy
 N - a +2 robe of magic resistance (worn)
Magical Staves
 G - an uncursed staff of cold
Jewellery
 L - a ring of magical power (left hand)
Wands
 z - a wand of iceblast (7/15)
 P - a wand of flame (25/48)
Scrolls
 d - 6 scrolls of remove curse
 j - a scroll of teleportation
 k - 2 scrolls of amnesia
 o - 2 scrolls of recharging
 t - a scroll of fear {unknown}
 u - a scroll of fog
 y - a scroll of random uselessness {unknown}
 C - a scroll of enchant armour {unknown}
 D - a scroll of immolation {unknown}
 O - a scroll of blinking {unknown}
Potions
 f - a potion of berserk rage
 l - a potion of curing
 m - 4 potions of lignification
 n - a potion of heal wounds
 q - a potion of might
 J - a potion of brilliance {unknown}
 K - a potion of magic {unknown}
Books
 v - a book of Geomancy

   Spells                             Type                      Level
   a - Sandblast                      Earth                        1
   b - Passwall                       Transmutation/Earth          2
   c - Stone Arrow                    Conjuration/Earth            3
   d - Petrify                        Transmutation/Earth          4
   e - Lee's Rapid Deconstruction     Earth                        5
 A - a book of Callings

   Spells                             Type                      Level
   a - Summon Small Mammal            Summoning                    1
   b - Call Imp                       Summoning                    2
   c - Call Canine Familiar           Summoning                    3
   d - Summon Guardian Golem          Hexes/Summoning              3
   e - Summon Lightning Spire         Summoning/Air                4
   f - Summon Ice Beast               Ice/Summoning                4
Comestibles
 c - 6 bread rations
 g - 5 meat rations
 w - 3 fruits
 Q - a royal jelly


   Skills:
 - Level 1.7 Dodging
 - Level 1.7 Stealth
 + Level 7.2 Spellcasting
 + Level 8.8 Summonings


You had 7 spell levels left.
You knew the following spells:

 Your Spells              Type           Power        Failure   Level  Hunger
a - Call Canine Familiar  Summ           #####...     1%          3    None
b - Summon Ice Beast      Ice/Summ       ####....     12%         4    ###....
c - Summon Lightning Spi  Summ/Air       ####....     12%         4    ###....
d - Summon Guardian Gole  Hex/Summ       ####....     3%          3    None


Dungeon Overview and Level Annotations

Branches:
Dungeon (7/15)             Temple (0/1) D:5


Innate Abilities, Weirdness & Mutations

You have an increased reservoir of magic. (+10% MP)


Message History

You are feeling very hungry.
The hellwing gives a chilling moan.
Your ice beast hits the centaur warrior skeleton.
Your ice beast freezes the centaur warrior skeleton.
The centaur warrior skeleton resists.
There is a stone staircase leading up, spattered with blood here.
Casting: Summon Ice Beast
Confirm with . or Enter, or press ? or * to list all spells.
A chill wind blows around you.
The centaur warrior skeleton hits your ice beast.
Your ice beast hits the centaur warrior skeleton.
Your ice beast freezes the centaur warrior skeleton.
The centaur warrior skeleton resists.
Unknown command.
The centaur warrior skeleton hits your ice beast.
Your ice beast hits the centaur warrior skeleton.
Your ice beast freezes the centaur warrior skeleton.
The centaur warrior skeleton resists.
You climb upwards.
Your summoned ally is left behind.
The hellwing hits you!
You die...

[[.'.....##......##..........#
.[.#.....##......##(.........#
..##.....##......)'..........#
..##.....##...>..##((..##....#
..##.....#.......#############
.........#........#
.........#........#
..##.....##......##
..##.....##.....@##
...............4.)#
..................#
..................#
..##....###......##
####....###########
..Y......#........#
.........'........#
.........#........#


You could see a hellwing.

Vanquished Creatures
  Pikel (D:6)
  2 sky beasts
  A phantom (D:4)
  A necrophage (D:5)
  A bullfrog (D:6)
  A scorpion (D:5)
  3 hounds
  A hound zombie (D:6)
  6 adders
  2 shadow imps
  2 oozes
  An adder zombie (D:4)
  A worm (D:1)
  A dart slug (D:4)
  4 leopard geckos
  5 orcs
  A ball python (D:2)
  3 giant cockroaches
  9 goblins
  6 hobgoblins
  6 jackals
  3 quokkas
  A bat (D:1)
  6 frilled lizards
  3 kobolds
  5 rats
76 creatures vanquished.

Vanquished Creatures (collateral kills)
  A wolf spider zombie (D:7)
  A centaur zombie (D:7)
  The ghost of Calamarain the Slasher, an amateur DrFi of the Shining One (D:5)
  3 slaves (D:6)
  A phantom (D:5)
  An ice beast (D:5)
  An ogre (D:5)
  2 centaurs
  A wyvern skeleton (D:7)
  A scorpion (D:7)
  A howler monkey (D:5)
  A crimson imp (D:5)
  A bullfrog skeleton (D:5)
  A hound (D:5)
  3 orc wizards
  3 orc priests
  A centaur skeleton (D:7)
  Ijyb (D:3)
  Natasha (thrice) (D:2)
  An iguana (D:5)
  3 worker ants (D:6)
  A hound skeleton (D:5)
  Robin (D:3)
  7 gnolls
  2 adders
  A shadow imp (D:7)
  2 worms
  A dart slug (D:1)
  3 orcs
  3 bats
  6 goblins
  3 hobgoblins
  6 kobolds
  A ball python (D:1)
  2 frilled lizards (D:1)
71 creatures vanquished.

Vanquished Creatures (others)
  A slave (D:7)
1 creature vanquished.

Grand Total: 148 creatures vanquished

Notes
Turn   | Place    | Note
-------+----------+-------------------------------------------
     0 | D:1      | AAAAA the Demigod Summoner began the quest for the Orb.
     0 | D:1      | Reached XP level 1. HP: 14/14 MP: 5/5
   693 | D:1      | Reached XP level 2. HP: 15/20 MP: 7/7
   791 | D:1      | Reached skill level 4 in Summonings
  1608 | D:2      | Noticed Natasha
  1621 | D:2      | Killed Natasha
  1621 | D:2      | Reached XP level 3. HP: 18/26 MP: 5/9
  1654 | D:2      | Learned a level 3 spell: Call Canine Familiar
  1997 | D:2      | Noticed Natasha
  2006 | D:2      | Killed Natasha
  2144 | D:2      | Noticed Natasha
  2154 | D:2      | Killed Natasha
  2159 | D:2      | Reached XP level 4. HP: 23/33 MP: 4/11
  2363 | D:2      | Found an ancient bone altar of Kikubaaqudgha.
  2363 | D:2      | Found a radiant altar of Vehumet.
  2364 | D:2      | Found an opulent altar of Gozag.
  2635 | D:3      | Noticed Ijyb
  2682 | D:3      | Killed Ijyb
  3146 | D:3      | Found a blossoming altar of Fedhas.
  3177 | D:3      | Reached skill level 5 in Summonings
  3320 | D:4      | Noticed a phantom
  3357 | D:4      | Killed a phantom
  3357 | D:4      | Reached XP level 5. HP: 21/38 MP: 8/13
  3499 | D:4      | Found an ornate altar of the Wu Jian Council.
  3568 | D:4      | Found a shattered altar of Ashenzari.
  3751 | D:4      | Noticed Robin
  3785 | D:3      | Killed Robin
  4180 | D:5      | Entered Level 5 of the Dungeon
  4251 | D:5      | Reached XP level 6. HP: 29/45 MP: 15/15
  4487 | D:5      | Reached skill level 6 in Summonings
  4495 | D:5      | Learned a level 4 spell: Summon Ice Beast
  4500 | D:5      | Learned a level 4 spell: Summon Lightning Spire
  4997 | D:5      | Reached XP level 7. HP: 49/49 MP: 14/17
  5420 | D:5      | Noticed Calamarain's ghost (amateur DrFi)
  5452 | D:5      | Killed Calamarain's ghost
  5452 | D:5      | Reached skill level 5 in Spellcasting
  5543 | D:5      | Found a staircase to the Ecumenical Temple.
  5680 | D:5      | Reached skill level 7 in Summonings
  6957 | D:6      | Found a hazy altar of Hepliaklqana.
  7019 | D:7      | Noticed Pikel
  7149 | D:6      | Reached XP level 8. HP: 49/56 MP: 20/20
  7212 | D:6      | Killed Pikel
  7212 | D:6      | Reached skill level 8 in Summonings
  7413 | D:6      | Learned a level 3 spell: Summon Guardian Golem
  7671 | D:7      | Noticed a hellwing
  7672 | D:7      | Noticed a hellwing
  7932 | D:7      | HP: 1/56 [wolf spider zombie (3)]
  7974 | D:6      | Mangled by a hellwing

Vault maps used:
D:1:      sevenhm_arrival_forest_fort_small_4, grunt_decor_fettered
D:2:      gammafunk_temple_overflow_claw, minivault_4, uniq_natasha
D:3:      first_bread, fedhas_altar_2, uniq_ijyb
D:4:      lemuel_doored_altar, evilmike_ruin_ashenzari, uniq_robin
D:5:      minmay_temple_entry_statues_pillars
D:6:      overflow_temple_1_default
D:7:      cheibrodos_grave_circle, nicolae_overflow_hidden_temple, uniq_pikel

Skill      XL: |  1  2  3  4  5  6  7  8 |
---------------+-------------------------+-----
Spellcasting   | 2 3 4 5 7 |  7.2
Summonings     | 4 5 6 7 8 |  8.8
Dodging        | |  1.7
Stealth        | |  1.7

Action                   |  1- 3 |  4- 6 |  7- 9 || total
-------------------------+-------+-------+-------++-------
Melee: Short sword       |    10 |       |       ||    10
       Unarmed           |     2 |       |       ||     2
       Dagger            |    35 |   116 |    50 ||   201
       Spear             |    70 |   113 |    95 ||   278
Throw: Stone             |       |       |     1 ||     1
 Cast: Summon Small Mamm |    40 |       |       ||    40
       Call Canine Famil |     5 |    16 |     4 ||    25
       Summon Ice Beast  |       |     3 |    30 ||    33
       Summon Lightning  |       |       |    15 ||    15
  Use: Scroll            |     1 |     9 |       ||    10
       Potion            |       |       |     1 ||     1
 Stab: Sleeping          |     4 |     8 |     1 ||    13
       Distracted        |       |     1 |       ||     1
  Eat: Chunk             |     5 |     8 |    15 ||    28
       Royal jelly       |       |     1 |       ||     1
Armor: Robe              |    27 |    48 |    32 ||   107
       Leather armour    |       |       |    39 ||    39
Dodge: Dodged            |    67 |   122 |   122 ||   311
